 Dungeon Crawl Stone Soup version 0.32-a0-338-g4f8ebfe289 (webtiles) character file.

Game seed: 13005298196754810415

508 Bnni the Chopper (level 6, -2/57 HPs)
             Began as a Mountain Dwarf Fighter on Feb 17, 2024.
             Succumbed to anansati's ghost's poison
             ... on level 5 of the Dungeon.
             The game lasted 00:04:11 (3521 turns).

Bnni the Chopper (Mountain Dwarf Fighter)           Turns: 3521, Time: 00:04:11

Health: -2/57      AC:  9    Str: 21    XL:     6   Next: 98%
Magic:  6/6        EV:  9    Int: 14    God:
Gold:   248        SH:  4    Dex:  9    Spells: 5/5 levels left

rFire   + . .        a - +0 war axe
rCold   + . .        c - +0 buckler
rNeg    . . .        b - +0 scale mail
rPois   +            o - +0 helmet
rElec   +            (no cloak)
rCorr   +            f - +0 pair of gloves
SInv    .            (no boots)
Will    .....        (no amulet) Stlth
                     l - +6 ring of intelligence
HPRegen 0.29/turn    (no ring)
MPRegen 0.10/turn

%: no passive effects
@: mighty, lethally poisoned (-2 -> -20), resistant
A: runic magic, artefact enchanting
a: no special abilities


You were on level 5 of the Dungeon.
You visited 1 branch of the dungeon, and saw 5 of its levels.

You collected 248 gold pieces.

Inventory:

Hand Weapons
 a - a +0 war axe (weapon)
Missiles
 m - 12 poisoned darts (quivered)
Armour
 b - a +0 scale mail (worn)
 c - a +0 buckler (worn)
 f - a +0 pair of gloves (worn)
 o - a +0 helmet (worn)
Jewellery
 l - a +6 ring of intelligence (left hand)
 p - an amulet of guardian spirit
Scrolls
 e - a scroll of immolation {unknown}
 g - 2 scrolls of amnesia {unknown}
 h - 6 scrolls of identify {unknown}
 i - a scroll of teleportation {unknown}
 n - a scroll of poison {unknown}
 q - a scroll of revelation {unknown}
 r - a scroll of noise {unknown}
Potions
 d - a potion of might


   Skills:
 + Level 5.7 Fighting
 * Level 7.6 Axes
 - Level 3.2 Armour
 - Level 3.2 Shields


You had 5 spell levels left.
You didn't know any spells.
Your spell library contained the following spells:

 Spells                   Type           Power      Damage    Failure   Level
 Jinxbite                 Hex            0%         N/A       56%         2
 Yara's Violent Unravell  Hex/Alch       0%         3d3       100%        5
 Enfeeble                 Hex            0%         N/A       100%        7


Dungeon Overview and Level Annotations

Branches:
Dungeon (5/15)
 Temple: D:4-7

Altars:
Ashenzari
Cheibriados

Annotations:
D:5 anansati's ghost, novice DsBr


Innate Abilities, Weirdness & Mutations

Your spellcasting is much less encumbered by armour.
You can use scrolls of enchantment on lesser artefacts.


Message History

* * * LOW HITPOINT WARNING * * *
You feel very sick.
Anansati's ghost hits you but does no damage.
You are more poisoned.
It was a potion of curing.
You feel better. Anansati's ghost hits you.
* * * LOW HITPOINT WARNING * * *
Unknown command.
You closely miss anansati's ghost.
Anansati's ghost is severely damaged.
Anansati's ghost hits you.
* * * LOW HITPOINT WARNING * * *
You are poisoned.
Unknown command.
You barely miss anansati's ghost.
Anansati's ghost is severely damaged.
You feel very sick.
Anansati's ghost hits you but does no damage.
You are lethally poisoned!
You closely miss anansati's ghost.
Anansati's ghost is severely damaged.
* * * LOW HITPOINT WARNING * * *
You feel very sick. Anansati's ghost hits you.
* * * LOW HITPOINT WARNING * * *
Unknown command.
Okay, then.
Press: ? - help, v - describe, . - travel, g - get item
Here: anansati's ghost, wielding a weapon of venom (severely damaged) Item here: an adder corpse.
The floor, spattered with blood.
You hit anansati's ghost.
Anansati's ghost is almost destroyed.
* * * LOW HITPOINT WARNING * * *
You feel very sick.
Anansati's ghost hits you but does no damage.
You are more poisoned.
Anansati's ghost completely misses you.
It was a potion of resistance.
You feel protected.
You die...

.. #.## #..## ...# .# #
#..####.# #..
###....##.# # #..#
#.......#.# ..
###...##W#'#.....####..#
....$..@##~#...........
.....##..#~#...#>#..###
... ####~#..........# .
#~#......###.. ..
#)#...)..## ..
#~#....[..# .
##.####..... #. ##).#
<#.## #.##### #..##
....#


You could see anansati's ghost.

Vanquished Creatures
  A phantom (D:4)
  4 bombardier beetles
  Jessica (D:3)
  2 iguanas
  3 gnolls (D:2)
  3 adders
  A dart slug (D:4)
  4 ribbon worms
  7 orcs
  4 bats
  8 endoplasms
  2 giant cockroaches
  9 goblins
  7 hobgoblins
  5 jackals (D:4)
  5 quokkas
  2 ball pythons
  5 frilled lizards
  11 kobolds
  7 rats
91 creatures vanquished.

Notes
Turn   | Place    | Note
-------+----------+-------------------------------------------
     0 | D:1      | Bnni the Mountain Dwarf Fighter began the quest for the
                  | Orb.
     0 | D:1      | Reached XP level 1. HP: 19/19 MP: 1/1
    76 | D:1      | Reached skill level 3 in Axes
    76 | D:1      | Reached XP level 2. HP: 26/26 MP: 2/2
   374 | D:1      | You fall into a shaft and drop 1 floor!
   474 | D:2      | Reached XP level 3. HP: 32/33 MP: 3/3
  1135 | D:2      | Reached skill level 4 in Axes
  1299 | D:2      | Reached XP level 4. HP: 40/40 MP: 4/4
  1771 | D:3      | Reached skill level 5 in Axes
  2036 | D:3      | Reached XP level 5. HP: 41/47 MP: 5/5
  2067 | D:3      | Noticed Jessica
  2078 | D:3      | Killed Jessica
  2518 | D:4      | Noticed a phantom
  2532 | D:4      | Killed a phantom
  2533 | D:4      | Reached skill level 5 in Fighting
  2533 | D:4      | Reached skill level 6 in Axes
  2646 | D:4      | Reached XP level 6. HP: 56/56 MP: 6/6
  2770 | D:4      | Found a broken altar of Ashenzari.
  2916 | D:4      | Found a snail-covered altar of Cheibriados.
  3043 | D:4      | Reached skill level 7 in Axes
  3394 | D:5      | Entered Level 5 of the Dungeon
  3480 | D:5      | Found a runed translucent door.
  3494 | D:5      | Noticed anansati's ghost (novice DsBr)
  3520 | D:5      | HP: 2/57 [poisoned by anansati's ghost]
  3521 | D:5      | Succumbed to anansati's ghost's poison

Illustrated notes

Levels and vault maps discovered:
D:1:      wander_arrival_abandoned_jail, layout_loops_corners
D:2:      layout_basic, chequers_hall_statues_wall_a
D:3:      layout_loops_ring, uniq_jessica
D:4:      layout_loops_ring, nicolae_overflow_crystal_walls,
          mainiacjoe_overflow_alcove_4
D:5:      layout_rooms, ebering_ghost_sewer_d, nicolae_figureground_sparkle

Skill      XL: |  1  2  3  4  5  6 |
---------------+-------------------+-----
Axes           | 3 4 5 6 7 |  7.6
Fighting       | 4 5 |  5.7
Armour         | |  3.2
Shields        | |  3.2

Action                     |  1- 3 |  4- 6 || total
---------------------------+-------+-------++-------
  Melee: War axe           |    76 |   187 ||   263
    Use: Potion            |       |     3 ||     3
 Armour: Scale mail        |    48 |   122 ||   170
  Dodge: Dodged            |    28 |    63 ||    91
  Block: Buckler           |    18 |    24 ||    42

Table legend: (Time is in decaauts)
 A = Elapsed time spent in this place.
 B = Non-inter-level travel time spent in this place.
 C = Inter-level travel time spent in this place.
 D = Time resting spent in this place.
 E = Time spent auto-exploring this place.
 F = Levels seen in this place.
 G = Mean time per level.
                   A        B        C        D        E       F      G
               +--------+--------+--------+--------+--------+-----+--------+
         Total |   3593 |   3462 |    131 |     35 |   2719 |   5 |  718.6 |
       Dungeon |   3593 |   3462 |    131 |     35 |   2719 |   5 |  718.6 |
               +--------+--------+--------+--------+--------+-----+--------+

Top non-repeatable levels by time:
     D:1: 1009 daAuts
     D:4: 919 daAuts
     D:2: 793 daAuts
     D:3: 739 daAuts
     D:5: 130 daAuts
